 Dungeon Sprint DCSS version 0.27.1-3-gb3d3a73c9e (webtiles) character file.

Game seed: 8708971653907808178

501 raph the Grappler (level 6, -5/72 HPs)
             Began as a Troll Berserker on Oct 9, 2021.
             Was a Priest of Trog.
             Slain by Erica (8 damage)
             ... in the Dungeon (Sprint VII: "The Pits").
             The game lasted 00:00:30 (200 turns).

raph the Grappler (Troll Berserker)                  Turns: 200, Time: 00:00:31

Health: -5/72      AC:  4    Str: 26    XL:     6   Next: 95%
Magic:  5/5        EV: 12    Int:  3    God:    Trog [***...]
Gold:   0          SH:  0    Dex: 11    Spells: 5/5 levels left

rFire    . . .     SeeInvis .     - Unarmed
rCold    . . .     Faith    .   (no shield)
rNeg     . . .     Spirit   .   a - +0 animal skin
rPois    .         Reflect  .   (helmet restricted)
rElec    .         Harm     .   (no cloak)
rCorr    .         Rampage  .   (gloves unavailable)
Will     .....     NoTele   +   (boots unavailable)
Stlth    +.........             (no amulet)
HPRegen  1.22/turn              (no ring)
MPRegen  0.09/turn              (no ring)

@: on berserk cooldown, slowed, very slow
A: large, unfitting armour, claws 3, regeneration 1, shaggy fur 1, tough skin 1
a: Renounce Religion, Berserk, Trog's Hand


You were in the Dungeon.
You worshipped Trog.
Trog was most pleased with you.
You visited 1 branch

Inventory:

Armour
 a - a +0 animal skin (worn)
Scrolls
 g - a scroll of blinking
Potions
 b - a potion of curing
 c - a potion of heal wounds
 d - a potion of haste
 e - 2 potions of magic
 f - a potion of berserk rage


   Skills:
 + Level 7.6 Fighting
 + Level 7.6 Dodging
 + Level 9.2 Unarmed Combat


You had 5 spell levels left.
You didn't know any spells.
Your spell library was empty.

Dungeon Overview and Level Annotations

Branches:
Dungeon (1/1)

Altars:

Annotations:
D Erica


Innate Abilities, Weirdness & Mutations

You are too large for most types of armour.
You have claws for hands.
Your natural rate of healing is unusually fast.
You are covered in fur. (AC +1)
You have tough skin. (AC +1)


Message History

Trog accepts your kill. The kobold misses you.
The boulder beetle curls into a ball and begins rolling!
You claw the orc!
You kill the orc!
Trog accepts your kill. The kobold hits you but does no damage.
You barely miss the kobold. You claw the kobold.
You kill the kobold!
Trog accepts your kill.
An elephant and a dream sheep come into view.
The dream sheep bleats!
The elephant trumpets!
A dream sheep comes into view.
A dream sheep comes into view.
You feel a strong urge to attack something.
The dream sheep bleats! x2; You hear a bleat!
You hear a shout!
The boulder beetle hits you!!!
The boulder beetle stops rolling and uncurls.
You are too injured to fight recklessly!
You are too injured to fight recklessly!
You are too injured to fight recklessly!
You are too injured to fight recklessly!
You are too injured to fight recklessly!
You are too injured to fight recklessly!
You are too injured to fight recklessly!
You are too injured to fight recklessly!
You are too injured to fight recklessly!
You are too injured to fight recklessly!
You claw the boulder beetle!
The boulder beetle is heavily wounded.
You are no longer berserk.
You are exhausted.
You feel yourself slow down.
The boulder beetle leaps!
The dream sheep shake their wool and sparkle.
You feel drowsy...
You fall asleep.
A dream sheep comes into view.
Something hits you!!
You wake up.
* * * LOW HITPOINT WARNING * * *
Something burns you!
You die...

..#..#......#
............+
............+
..#..#......#
............#
#####''######
...##''################
...##..#.......B......##
...##..##.....){@.YY.Y.#
...##..####...#'######.Y.
...##..#..#####.##
...##..#....##...#
...##..'.....#...#
#####.†'.....'...+
#..'.....#...#
#..#....##...#
#..#..#####.##


You could see a boulder beetle, an elephant and 3 dream sheep.

Vanquished Creatures
  A jumping spider (D)
  2 wyverns (D)
  3 orcs (D)
  A giant cockroach (D)
  A kobold (D)
8 creatures vanquished.

Notes
Turn   | Place    | Note
-------+----------+-------------------------------------------
     0 | D        | raph the Troll Berserker began the quest for the Orb.
     0 | D        | Reached XP level 1. HP: 22/22 MP: 0/0
   122 | D        | Noticed a wyvern
   122 | D        | Noticed a jumping spider
   129 | D        | Killed a wyvern
   130 | D        | Reached skill level 5 in Fighting
   130 | D        | Reached skill level 5 in Dodging
   130 | D        | Reached skill level 6 in Unarmed Combat
   130 | D        | Reached XP level 2. HP: 29/35 MP: 1/1
   130 | D        | Reached XP level 3. HP: 35/42 MP: 2/2
   130 | D        | Reached XP level 4. HP: 42/50 MP: 3/3
   130 | D        | Reached XP level 5. HP: 47/57 MP: 4/4
   137 | D        | Killed a jumping spider
   137 | D        | Reached ** piety under Trog
   138 | D        | Reached skill level 8 in Unarmed Combat
   138 | D        | Reached XP level 6. HP: 17/71 MP: 5/5
   181 | D        | Noticed Erica
   181 | D        | Noticed a wyvern
   183 | D        | Noticed a boulder beetle
   184 | D        | Killed a wyvern
   185 | D        | Reached skill level 9 in Unarmed Combat
   194 | D        | Reached *** piety under Trog
   196 | D        | Noticed a dream sheep
   196 | D        | Noticed an elephant
   196 | D        | Noticed a dream sheep
   197 | D        | Noticed a dream sheep
   200 | D        | Noticed a dream sheep
   200 | D        | HP: 3/72 [something (28)]
   200 | D        | Slain by Erica

Illustrated notes

Levels and vault maps discovered:
D:        pitsprint [storerooms_1, entrance_room_1, metal_vault_1, armoury_1,
          mini_pit_1, grid_room_1, main_hall_1, silver_pit, the_coven_1,
          the_vestibule_1, steel_vault_3, golden_pit, hallway_of_sentries,
          crystal_vault_1, iron_vault_1, final_vault]

Skill      XL: |  1  2  3  4  5  6 |
---------------+-------------------+-----
Fighting       | 5 7 |  7.6
Dodging        | 5 7 |  7.6
Unarmed Combat | 6 8 9 |  9.2

Action                   |  1- 3 |  4- 6 || total
-------------------------+-------+-------++-------
Melee: Unarmed           |     5 |    20 ||    25
       Punch             |       |     2 ||     2
Invok: Berserk           |     1 |     1 ||     2
Armor: Animal skin       |       |     5 ||     5
Dodge: Dodged            |     1 |     7 ||     8
